 Dungeon Crawl Stone Soup version 0.32-a0-18-g89e19f1974 (webtiles) character file.

Game seed: 4498877496030902686

702 Sweetruy1997 the Insei (level 7, -5/53 HPs)
             Began as a Gnoll Shapeshifter on Jan 16, 2024.
             Slain by a scorpion (7 damage)
             ... on level 5 of the Dungeon.
             The game lasted 00:08:55 (2466 turns).

Sweetruy1997 the Insei (Gnoll Shapeshifter)         Turns: 2466, Time: 00:08:55

Health: -5/53      AC:  3    Str: 13    XL:     7   Next: 66%
Magic:  11/11      EV: 13    Int:  9    God:
Gold:   151        SH:  0    Dex: 14    Spells: 11/11 levels left

rFire   . .          .
                       - Unarmed
rCold   . . .        (no shield)
rNeg    . . .        g - +0 leather armour
rPois   .            (helmet currently unavailable)
rElec   .            (cloak currently unavailable)
rCorr   .            (gloves currently unavailable)
SInv    .            (boots currently unavailable)
Will    +....        s - amulet of regeneration
Stlth   ++           w - ring of willpower
HPRegen 1.08/turn    (no ring)
MPRegen 0.12/turn

%: no passive effects
@: beast-form
A: beast (slay +4), fangs 1, strong nose, distributed training
a: Begin Untransformation


You were on level 5 of the Dungeon.
You were a hulking beast.
You visited 1 branch of the dungeon, and saw 5 of its levels.

You collected 151 gold pieces.

Inventory:

Missiles
 p - 3 javelins (quivered)
Armour
 a - a +0 pair of gloves
 g - a +0 leather armour (worn)
 t - a +0 helmet
Jewellery
 s - an amulet of regeneration (around neck)
 w - a ring of willpower (left hand)
Talismans
 c - a beast talisman (active)
 d - a flux talisman
Scrolls
 f - a scroll of identify
 j - a scroll of enchant armour {unknown}
 n - a scroll of silence {unknown}
 q - a scroll of teleportation {unknown}
 r - a scroll of amnesia
 u - a scroll of immolation {unknown}
 v - a scroll of poison {unknown}
Potions
 b - a potion of lignification
 e - a potion of magic {unknown}
 k - a potion of degeneration {unknown}
 l - 2 potions of curing {unknown}
 m - a potion of cancellation {unknown}
 o - 2 potions of berserk rage {unknown}


   Skills:
 + Level 3.8 Fighting
 + Level 2.7 Short Blades
 + Level 2.7 Long Blades
 + Level 2.7 Axes
 + Level 2.7 Maces & Flails
 + Level 2.7 Polearms
 + Level 2.7 Staves
 + Level 2.7 Ranged Weapons
 + Level 2.7 Throwing
 + Level 2.7 Armour
 + Level 5.4 Dodging
 + Level 2.7 Stealth
 + Level 2.7 Shields
 + Level 7.1 Unarmed Combat
 + Level 2.7 Spellcasting
 + Level 2.2 Conjurations
 + Level 2.2 Hexes
 + Level 2.2 Summonings
 + Level 2.2 Necromancy
 + Level 2.2 Translocations
 + Level 2.2 Fire Magic
 + Level 2.2 Ice Magic
 + Level 2.2 Air Magic
 + Level 2.2 Earth Magic
 + Level 2.2 Alchemy
 + Level 3.0 Invocations
 + Level 2.7 Evocations
 + Level 7.0 Shapeshifting


You had 11 spell levels left.
You didn't know any spells.
Your spell library was empty.

Dungeon Overview and Level Annotations

Branches:
Dungeon (5/15)
 Temple: D:4-7

Altars:
Makhleb
Uskayaw
Zin

Annotations:
D:5 Prince Ribbit


Innate Abilities, Weirdness & Mutations

You are a hulking beast.
Your limbs bulge with bestial killing power. (Slay +4)
You have very sharp teeth.
Your uncanny sense of smell can sniff out nearby items.
Your experience applies equally to all skills.


Message History

You barely miss Prince Ribbit. Your bite misses Prince Ribbit.
Prince Ribbit is heavily wounded.
Prince Ribbit completely misses you. Prince Ribbit hits you.
* * * LOW HITPOINT WARNING * * *
You feel much better.
Prince Ribbit blinks!
You closely miss the steam dragon. The steam dragon bites you.
The steam dragon claws you.
You hit the steam dragon.
You bite the steam dragon, but do no damage.
The steam dragon is lightly wounded.
Prince Ribbit blinks!
You hit the steam dragon. You bite the steam dragon.
The steam dragon is lightly wounded.
The steam dragon closely misses you. x2
You punch the steam dragon!
The steam dragon is heavily wounded.
The steam dragon breathes steam at you. The ball of steam hits you!!
Ouch! That really hurt!
* * * LOW HITPOINT WARNING * * *
Unknown command.
As you read the scroll labelled QOMISU TUSAT, it crumbles to dust.
It is a scroll of amnesia.
You feel forgetful for a moment.
You are engulfed in a cloud of scalding steam.
* * * LOW HITPOINT WARNING * * *
The steam dragon barely misses you. The steam dragon closely misses you.
As you read the scroll labelled TITADO QE RUING, it crumbles to dust.
It is a scroll of identify.
i - a scroll of blinking You are engulfed in a cloud of scalding steam.
* * * LOW HITPOINT WARNING * * *
The steam dragon bites you!
* * * LOW HITPOINT WARNING * * *
The steam dragon misses you.
Blink to where?
Press: ? - help, Dir - move target, p - Prince Ribbit
As you read the scroll of blinking, it crumbles to dust.
The scorpion stings you!
You die...

#.§§≈§≈ .. ####.$§§≈ ≈..
F.##..≈§# D≈..
#F##..≈≈##≈≈..
#.##..≈≈≈≈≈§..
#§##F.§≈≈≈≈≈..###
#§##..§...(...#..
#######D##..........#.# ∆
#.....hs.'###########.#
#####.######### #.# #.....#
#.# #.##### #.# #.# #.# #.#
#.#
#.#######################.#
#..........................
#########################.#


You could see a steam dragon (catching breath) and a scorpion.

Vanquished Creatures
  Grinder (D:5)
  Sigmund (D:3)
  Eustachio (D:4)
  A bombardier beetle (D:3)
  An orc priest (D:4)
  An iguana (D:4)
  An orc wizard (D:4)
  2 adders
  3 orcs
  8 endoplasms
  5 giant cockroaches
  10 goblins
  7 hobgoblins
  4 jackals (D:2)
  2 quokkas (D:3)
  6 ball pythons
  2 bats (D:3)
  3 frilled lizards
  5 kobolds
  4 rats
68 creatures vanquished.

Notes
Turn   | Place    | Note
-------+----------+-------------------------------------------
     0 | D:1      | Sweetruy1997 the Gnoll Shapeshifter began the quest for the
                  | Orb.
     0 | D:1      | Reached XP level 1. HP: 17/17 MP: 1/1
   255 | D:1      | Reached XP level 2. HP: 21/23 MP: 2/2
   557 | D:2      | Reached XP level 3. HP: 28/28 MP: 3/3
   712 | D:2      | Reached skill level 1 in Invocations
  1037 | D:3      | Reached skill level 1 in Short Blades
  1037 | D:3      | Reached skill level 1 in Long Blades
  1037 | D:3      | Reached skill level 1 in Axes
  1037 | D:3      | Reached skill level 1 in Maces & Flails
  1037 | D:3      | Reached skill level 1 in Polearms
  1037 | D:3      | Reached skill level 1 in Staves
  1037 | D:3      | Reached skill level 1 in Ranged Weapons
  1037 | D:3      | Reached skill level 1 in Throwing
  1037 | D:3      | Reached skill level 1 in Armour
  1037 | D:3      | Reached skill level 1 in Stealth
  1037 | D:3      | Reached skill level 1 in Shields
  1037 | D:3      | Reached skill level 1 in Spellcasting
  1037 | D:3      | Reached skill level 1 in Evocations
  1077 | D:3      | Reached skill level 1 in Conjurations
  1077 | D:3      | Reached skill level 1 in Hexes
  1077 | D:3      | Reached skill level 1 in Summonings
  1077 | D:3      | Reached skill level 1 in Necromancy
  1077 | D:3      | Reached skill level 1 in Translocations
  1077 | D:3      | Reached skill level 1 in Fire Magic
  1077 | D:3      | Reached skill level 1 in Ice Magic
  1077 | D:3      | Reached skill level 1 in Air Magic
  1077 | D:3      | Reached skill level 1 in Earth Magic
  1077 | D:3      | Reached skill level 1 in Alchemy
  1077 | D:3      | Reached XP level 4. HP: 34/34 MP: 5/5
  1421 | D:3      | Noticed Sigmund
  1435 | D:3      | Killed Sigmund
  1436 | D:3      | Reached skill level 5 in Dodging
  1436 | D:3      | Reached XP level 5. HP: 34/41 MP: 3/7
  1436 | D:3      | Reached XP level 6. HP: 39/47 MP: 3/8
  1520 | D:3      | Noticed a +0 dagger
  1520 | D:3      | Noticed a +0 dagger
  1522 | D:3      | Noticed a +0 short sword
  1522 | D:3      | Noticed a +0 falchion
  1522 | D:3      | Noticed a +0 short sword
  1522 | D:3      | Noticed a +0 falchion
  1522 | D:3      | Noticed a +0 spear
  1522 | D:3      | Noticed a +0 spear
  1529 | D:3      | Found a hide-covered altar of Uskayaw.
  1640 | D:3      | Found a faded altar of an unknown god.
  1751 | D:4      | Found a burning altar of Makhleb.
  1785 | D:4      | Noticed Eustachio
  1806 | D:4      | Killed Eustachio
  1807 | D:4      | Reached XP level 7. HP: 51/52 MP: 10/10
  2318 | D:4      | Found a glowing silver altar of Zin.
  2318 | D:4      | Noticed an angel
  2347 | D:5      | Entered Level 5 of the Dungeon
  2427 | D:5      | Noticed Grinder
  2431 | D:5      | Paralysed by Grinder for 3 turns
  2438 | D:5      | Killed Grinder
  2440 | D:5      | Noticed Prince Ribbit
  2445 | D:5      | Noticed a steam dragon
  2465 | D:5      | HP: 1/53 [steam dragon (7)]
  2466 | D:5      | Slain by a scorpion

Illustrated notes

Levels and vault maps discovered:
D:1:      minmay_arrival_pointy, layout_basic
D:2:      layout_basic
D:3:      layout_rooms, nicolae_uskayaw_en_pointe,
          chequers_ecumenical_altar_lobes, uniq_sigmund
D:4:      layout_basic, old_standard_altar, zin_angel, uniq_eustachio
D:5:      layout_basic, minmay_temple_entry_glass, minmay_shop_damaged,
          kennysheep_pointless_box, uniq_edmund, uniq_grinder,
          uniq_prince_ribbit1

Skill      XL: |  1  2  3  4  5  6  7 |
---------------+----------------------+-----
Invocations    | 1 2 3 |  3.0
Short Blades   | 1 2 |  2.7
Long Blades    | 1 2 |  2.7
Axes           | 1 2 |  2.7
Maces & Flails | 1 2 |  2.7
Polearms       | 1 2 |  2.7
Staves         | 1 2 |  2.7
Ranged Weapons | 1 2 |  2.7
Throwing       | 1 2 |  2.7
Armour         | 1 2 |  2.7
Stealth        | 1 2 |  2.7
Shields        | 1 2 |  2.7
Spellcasting   | 1 2 |  2.7
Evocations     | 1 2 |  2.7
Conjurations   | 1 2 |  2.2
Hexes          | 1 2 |  2.2
Summonings     | 1 2 |  2.2
Necromancy     | 1 2 |  2.2
Translocations | 1 2 |  2.2
Fire Magic     | 1 2 |  2.2
Ice Magic      | 1 2 |  2.2
Air Magic      | 1 2 |  2.2
Earth Magic    | 1 2 |  2.2
Alchemy        | 1 2 |  2.2
Fighting       | 3 |  3.8
Dodging        | 5 |  5.4
Unarmed Combat | 7 |  7.1
Shapeshifting  | 7 |  7.0

Action                     |  1- 3 |  4- 6 |  7- 9 || total
---------------------------+-------+-------+-------++-------
  Melee: Unarmed           |    48 |    28 |    23 ||    99
         Punch             |     1 |     1 |     3 ||     5
         Bite              |     2 |     3 |     5 ||    10
  Throw: Javelin           |    22 |    31 |     2 ||    55
    Use: Scroll            |       |       |     3 ||     3
         Potion            |       |       |     2 ||     2
 Armour: Leather armour    |    20 |     8 |    23 ||    51
  Dodge: Dodged            |    18 |    14 |    10 ||    42
   Form: Beast             |     1 |       |       ||     1

Table legend: (Time is in decaauts)
 A = Elapsed time spent in this place.
 B = Non-inter-level travel time spent in this place.
 C = Inter-level travel time spent in this place.
 D = Time resting spent in this place.
 E = Time spent auto-exploring this place.
 F = Levels seen in this place.
 G = Mean time per level.
                   A        B        C        D        E       F      G
               +--------+--------+--------+--------+--------+-----+--------+
         Total |   2476 |   2379 |     97 |      0 |   1954 |   5 |  495.2 |
       Dungeon |   2476 |   2379 |     97 |      0 |   1954 |   5 |  495.2 |
               +--------+--------+--------+--------+--------+-----+--------+

Top non-repeatable levels by time:
     D:4: 666 daAuts
     D:3: 658 daAuts
     D:2: 620 daAuts
     D:1: 412 daAuts
     D:5: 117 daAuts
